 Dungeon Crawl Stone Soup version 0.30-a0-358-g0d69a1922f (webtiles) character file.

Game seed: 1518165942281855969

49 p00ps00p the Trooper (level 3, 0/49 HPs)
             Began as a Hill Orc Fighter on Nov 10, 2022.
             Succumbed to a goblin's poison
             ... on level 2 of the Dungeon.
             The game lasted 00:01:20 (855 turns).

p00ps00p the Trooper (Hill Orc Fighter)              Turns: 855, Time: 00:01:21

Health: 0/49       AC:  7    Str: 20    XL:     3   Next: 77%
Magic:  3/3        EV:  9    Int:  8    God:
Gold:   66         SH:  4    Dex: 10    Spells: 2/2 levels left

rFire   . . .      SeeInvis .    a - +0 war axe
rCold   . . .      Faith    .    c - +0 buckler
rNeg    . . .      Spirit   .    b - +0 scale mail
rPois   .          Reflect  .    (no helmet)
rElec   .          Harm     .    (no cloak)
rCorr   .          Rampage  .    (no gloves)
Will    .....                    (no boots)
Stlth   ..........               (no amulet)
HPRegen 0.28/turn                (no ring)
MPRegen 0.08/turn                (no ring)

@: berserking, lethally poisoned (0 -> -15), very quick
A: no striking features
a: no special abilities


You were on level 2 of the Dungeon.
You visited 1 branch of the dungeon, and saw 2 of its levels.

You collected 66 gold pieces.

Inventory:

Hand Weapons
 a - a +0 war axe (weapon)
Armour
 b - a +0 scale mail (worn)
 c - a +0 buckler (worn)
Scrolls
 j - a scroll of poison
Potions
 d - a potion of might
 f - a potion of degeneration {unknown}
 g - a potion of mutation {unknown}


   Skills:
 + Level 4.1 Fighting
 + Level 3.5 Axes
 + Level 3.8 Armour
 + Level 3.8 Shields


You had 2 spell levels left.
You didn't know any spells.
Your spell library was empty.

Dungeon Overview and Level Annotations

Branches:
Dungeon (2/15)

Altars:


Message History

You are too injured to fight recklessly!
You are too injured to fight recklessly!
You are too injured to fight recklessly!
You are too injured to fight recklessly!
You are too injured to fight recklessly!
You are too injured to fight recklessly!
You are too injured to fight recklessly!
You are too injured to fight recklessly!
You are too injured to fight recklessly!
You are too injured to fight recklessly!
You are too injured to fight recklessly!
You are too injured to fight recklessly!
You are too injured to fight recklessly!
You are too injured to fight recklessly!
You are too injured to fight recklessly!
You are too injured to fight recklessly!
You are too injured to fight recklessly!
Unknown command.
It was a potion of berserk rage.
A red film seems to cover your vision as you go berserk!
You feel yourself moving faster!
You feel mighty!
* * * LOW HITPOINT WARNING * * *
You feel very sick.
The goblin hits you with a +2 whip of venom.
* * * LOW HITPOINT WARNING * * *
The rat barely misses you.
You hit the goblin.
The goblin is severely wounded.
You closely miss the rat.
* * * LOW HITPOINT WARNING * * *
You feel very sick. You block the goblin's attack. The rat closely misses you.
You slash the goblin!
You kill the goblin!
You barely miss the rat.
* * * LOW HITPOINT WARNING * * *
You feel very sick. The rat bites you but does no damage.
You barely miss the rat.
You die...

### #..# ..... #..#
####.#.. #. #..#
#....#.# #.#. #..#
#.#.##.# #[#.#
#.#.###.#....# #)#!#
#.###.##>#..#.##.#(#
..# ##.......†#.#.#
### #....####r)#.#
#.#...# ##@†#
#..#...# #).......
## #...# #.##.###.
#...# #.# .# ....#
... # .#..## ###


You could see a rat.

Vanquished Creatures
  An adder (D:2)
  3 ball pythons (D:1)
  3 bats
  4 endoplasms (D:1)
  A giant cockroach (D:1)
  4 goblins
  3 hobgoblins (D:1)
  6 jackals (D:1)
  A quokka (D:1)
  4 frilled lizards
  A kobold (D:1)
  5 rats (D:1)
36 creatures vanquished.

Notes
Turn   | Place    | Note
-------+----------+-------------------------------------------
     0 | D:1      | p00ps00p the Hill Orc Fighter began the quest for the Orb.
     0 | D:1      | Reached XP level 1. HP: 19/19 MP: 1/1
   129 | D:1      | Reached XP level 2. HP: 22/27 MP: 2/2
   216 | D:1      | Reached skill level 4 in Fighting
   482 | D:1      | Reached XP level 3. HP: 33/33 MP: 3/3
   855 | D:2      | Succumbed to a goblin's poison

Illustrated notes

Levels and vault maps discovered:
D:1:      lightli_arrival_flooded_house, layout_loops_ring
D:2:      layout_loops_ring, serial_bayou_lagoon_a, minmay_circle_x

Skill      XL: |  1  2 |
---------------+-------+-----
Axes           | 3 |  3.5
Fighting       | 4 |  4.1
Armour         | |  3.8
Shields        | |  3.8

Action                   || total
-------------------------++-------
Melee: War axe           ||   109
  Use: Scroll            ||     2
       Potion            ||     1
Armor: Scale mail        ||    59
Dodge: Dodged            ||    50
Block: Buckler           ||    20

Table legend: (Time is in decaauts)
 A = Elapsed time spent in this place.
 B = Non-inter-level travel time spent in this place.
 C = Inter-level travel time spent in this place.
 D = Time resting spent in this place.
 E = Time spent auto-exploring this place.
 F = Levels seen in this place.
 G = Mean time per level.
                   A        B        C        D        E       F      G
               +--------+--------+--------+--------+--------+-----+--------+
         Total |    895 |    881 |     14 |      0 |    663 |   2 |  447.5 |
       Dungeon |    895 |    881 |     14 |      0 |    663 |   2 |  447.5 |
               +--------+--------+--------+--------+--------+-----+--------+

Top non-repeatable levels by time:
     D:1: 846 daAuts
     D:2: 48 daAuts
